 Dungeon Crawl Stone Soup version 0.23-a0-315-ga85b81c (webtiles) character file.

47 MisterFreud the Ruffian (level 3, -4/36 HPs)
             Began as a Troll Monk on Oct 13, 2018.
             Slain by a kobold
             ... wielding a +1 short sword of venom
              (5 damage)
             ... on level 2 of the Dungeon.
             The game lasted 00:01:45 (655 turns).

MisterFreud the Ruffian (Troll Monk)                 Turns: 655, Time: 00:01:46

Health: -4/36      AC:  5    Str: 19    XL:     3   Next: 48%
Magic:  2/2        EV: 10    Int:  7    God:
Gold:   41         SH:  0    Dex: 12    Spells: 2/2 levels left

rFire    . . .     SeeInvis .     - Unarmed
rCold    . . .     Gourm    +   (no shield)
rNeg     . . .     Faith    .   a - +0 robe
rPois    .         Spirit   .   (helmet restricted)
rElec    .         Reflect  .   (no cloak)
rCorr    .         Harm     .   (gloves unavailable)
MR       .....                  (boots unavailable)
Stlth    ++........             (no amulet)
HPRegen  0.52/turn              (no ring)
MPRegen  0.08/turn              (no ring)

@: lethally poisoned (-4 -> -19)
A: large, unfitting armour, claws 3, fast metabolism 3, gourmand, regeneration
1, shaggy fur 1, tough skin 2
a: no special abilities


You were on level 2 of the Dungeon.
You were very full.

You visited 1 branch of the dungeon, and saw 2 of its levels.

You collected 41 gold pieces.

Inventory:

Missiles
 j - 18 stones (quivered)
Armour
 a - a +0 robe (worn)
Scrolls
 c - a scroll of remove curse {unknown}
 i - 2 scrolls of identify {unknown}
Potions
 f - a potion of lignification {unknown}
 g - a potion of resistance {unknown}
 h - a potion of haste {unknown}
Comestibles
 b - 4 rations
 d - 3 chunks of flesh


   Skills:
 - Level 2.4 Fighting
 - Level 2.4 Dodging
 - Level 1.0 Stealth
 + Level 4.5 Unarmed Combat


You had 2 spell levels left.
You didn't know any spells.
Your spell library was empty.

Dungeon Overview and Level Annotations

Branches:
Dungeon (2/15)

Altars:
Uskayaw


Innate Abilities, Weirdness & Mutations

You are too large for most types of armour.
You have claws for hands.
Your metabolism is lightning-fast.
You like to eat raw meat.
Your natural rate of healing is unusually fast.
You are covered in fur. (AC +1)
You have very tough skin. (AC +2)


Message History

You kill the adder!
* * * LOW HITPOINT WARNING * * *
You feel sick.
You hear a shout!
The bat closely misses you. The hobgoblin hits you with a club.
* * * LOW HITPOINT WARNING * * *
The kobold hits you but does no damage.
You are more poisoned.
You scratch the hobgoblin.
The hobgoblin is severely wounded.
* * * LOW HITPOINT WARNING * * *
You feel very sick. The bat hits you but does no damage. The kobold misses you.
The hobgoblin hits you but does no damage.
You scratch the hobgoblin.
You kill the hobgoblin!
* * * LOW HITPOINT WARNING * * *
You feel sick. The bat closely misses you.
The kobold hits you with a short sword of venom.
You die...

...........# ..
...........# ##..<
...........## #.....
........÷...####......
.......<÷.........#..
...............#....#
_.............(K....#
...?.........b.#.....#
###..........@.#......
.(#....<....K)†# .....
.(#..................#
###...................
........##...##.
[........ ...#
......... #.#.>
?.......# ....


You could see a bat and 2 kobolds.

Vanquished Creatures
  2 adders (D:2)
  2 leopard geckos
  2 giant cockroaches (D:1)
  2 goblins (D:1)
  5 hobgoblins
  A jackal (D:1)
  2 kobolds (D:1)
  A quokka (D:2)
  3 bats (D:1)
  3 frilled lizards (D:1)
  5 rats (D:1)
28 creatures vanquished.

Notes
Turn   | Place    | Note
-------+----------+-------------------------------------------
     0 | D:1      | MisterFreud the Troll Monk began the quest for the Orb.
     0 | D:1      | Reached XP level 1. HP: 22/22 MP: 0/0
   121 | D:1      | Reached XP level 2. HP: 29/29 MP: 1/1
   446 | D:1      | Reached skill level 4 in Unarmed Combat
   611 | D:2      | Found a hide-covered altar of Uskayaw.
   611 | D:2      | Noticed a hand axe
   613 | D:2      | Noticed a hand axe
   619 | D:2      | Reached XP level 3. HP: 27/36 MP: 2/2
   655 | D:2      | HP: 1/36 [poisoned by a kobold]
   655 | D:2      | Slain by a kobold

Vault maps used:
D:1:      lightli_arrival_maybe_door_vault, corexii_leaking_fountain
D:2:      dancing_weapons_uskayaw, old_standard_altar, uniq_terence,
          uniq_sigmund, uniq_jessica

Skill      XL: |  1  2 |
---------------+-------+-----
Unarmed Combat | 4 |  4.5
Fighting       | |  2.4
Dodging        | |  2.4
Stealth        | |  1.0

Action                   || total
-------------------------++-------
Melee: Unarmed           ||    76
  Use: Potion            ||     1
 Stab: Sleeping          ||     5
  Eat: Chunk             ||    11
Armor: Robe              ||    31
Dodge: Dodged            ||    48

Table legend:
 A = Non-vault XP
 B = Vault XP
 C = Vault XP percentage of total XP
 D = Non-vault monster count
 E = Vault monster count
 F = Vault count percentage of total count
                 A         B        C        D         E       F
            +---------+---------+-------+---------+---------+-------
      Total |      68 |       0 |   0.0 |      28 |       0 |   0.0
            +---------+---------+-------+---------+---------+-------
        D:1 |      34 |       0 |   0.0 |      23 |       0 |   0.0
        D:2 |      34 |       0 |   0.0 |       5 |       0 |   0.0
            +---------+---------+-------+---------+---------+-------
